AoeStats
← 雕龙

Arabia

510565637Analyzed
1v1 RM · 15h ago on Oct 1, 2026· 54m 35s· 2 players
Game mode
Random Map
Map size
Tiny (2 player)
Population
200
Speed
Normal
Resources
Standard
Victory
Conquest
Starting age
Dark Age
Ending age
Imperial Age
RankedLock teamsTeams togetherTeam positionsShared explorationLock speedFull tech treeHidden civsTurbo modeCheats
Victory
Defeat
🇨🇳 Franks · China
888
+16
🇩🇪 Lithuanians · Germany
891
-16
雕龙
10:41 Feudal Age
11:08 Double-Bit Axe
21:12 Castle Age
19:37 Gold Mining
21:58 Loom
26:35 Wheelbarrow
25:56 Treadmill Crane
28:10 Pikeman
29:07 Scale Mail Armor
32:29 Imperial Age
31:02 Bow Saw
31:25 Chain Mail Armor
31:16 Scale Barding Armor
32:11 Fletching
32:32 Forging
32:26 Squires
34:12 Plate Mail Armor
33:10 Halberdier
36:24 Iron Casting
35:17 Cavalier
37:22 Gold Shaft Mining
37:04 Arrowslits
37:28 Husbandry
39:01 Hand Cart
40:07 Devotion
41:44 Chivalry
43:06 Chemistry
42:34 Arson
42:29 Elite Throwing Axeman
43:55 Chain Barding Armor
47:29 Blast Furnace
47:05 Plate Barding Armor
47:00 Stone Mining
49:18 Conscription
49:23 Paladin
50:02 Bodkin Arrow
50:07 Padded Archer Armor
51:03 Ballistics
Maamops
5:58 Loom
10:17 Feudal Age
10:43 Double-Bit Axe
17:46 Castle Age
19:53 Gold Mining
19:53 Stone Mining
25:31 Wheelbarrow
28:05 Forging
28:01 Scale Barding Armor
30:08 Iron Casting
29:54 Chain Barding Armor
35:07 Imperial Age
32:53 Hand Cart
32:27 Town Watch
33:05 Hand Cart
32:35 Town Watch
33:49 Bloodlines
33:40 Husbandry
35:06 Redemption
36:17 Cavalier
38:26 Chemistry
37:52 Paladin
39:44 Conscription
40:24 Pikeman
41:04 Squires
41:38 Scale Mail Armor
41:35 Halberdier
43:17 Block Printing
43:37 Theocracy
43:30 Illumination
43:44 Chain Mail Armor
45:22 Town Patrol
45:45 Ballistics
45:44 Masonry
45:47 Fletching
46:18 Tower Shields
50:52 Plate Barding Armor
52:22 Hill Forts
Connection lost

Rejoining the realm…

Still unreachable

The connection could not be restored.

Session expired

The server has moved on; the page needs a fresh start.